 Dungeon Crawl Stone Soup version 0.30-a0-358-g0d69a1922f (webtiles) character file.

Game seed: 2947029786105347055

38 gamesnag the Chopper (level 3, -27/34 HPs)
             Began as a Minotaur Berserker on Nov 8, 2022.
             Was a Believer of Trog.
             Annihilated by an ogre
             ... wielding a +0 giant club
              (30 damage)
             ... on level 6 of the Dungeon.
             The game lasted 00:05:30 (1387 turns).

gamesnag the Chopper (Minotaur Berserker)           Turns: 1387, Time: 00:05:30

Health: -27/34     AC:  2    Str: 23    XL:     3   Next: 25%
Magic:  2/2        EV: 12    Int:  4    God:    Trog [**....]
Gold:   111        SH:  0    Dex:  9    Spells: 2/2 levels left

rFire   . . .      SeeInvis .    a - +0 hand axe
rCold   . . .      Faith    .    (no shield)
rNeg    . . .      Spirit   .    b - +0 animal skin
rPois   .          Reflect  .    (helmet restricted)
rElec   .          Harm     .    (no cloak)
rCorr   .          Rampage  .    (no gloves)
Will    .....                    (no boots)
Stlth   +.........               (no amulet)
HPRegen 0.25/turn                (no ring)
MPRegen 0.08/turn                (no ring)

@: no status effects
A: horns 2, retaliatory headbutt
a: Renounce Religion, Berserk, Trog's Hand


You were on level 6 of the Dungeon.
You worshipped Trog.
Trog was pleased with you.
You visited 1 branch of the dungeon, and saw 6 of its levels.

You collected 111 gold pieces.

Inventory:

Hand Weapons
 a - a +0 hand axe (weapon)
 k - a +0 dagger
 r - a +0 flail
Missiles
 h - 26 stones
 s - 2 poisoned darts (quivered)
Armour
 b - a +0 animal skin (worn)
 i - a +0 ring mail
 j - a +0 ring mail
Jewellery
 g - a ring of willpower
 o - an amulet of the acrobat
Wands
 p - a wand of mindburst (8)
Scrolls
 c - a scroll of immolation {unknown}
 f - 2 scrolls of identify {unknown}
 q - a scroll of amnesia {unknown}
Potions
 d - 2 potions of lignification {unknown}
 e - a potion of heal wounds {unknown}
 l - a potion of resistance {unknown}
 m - a potion of berserk rage {unknown}
 n - 3 potions of mutation {unknown}


   Skills:
 + Level 4.4 Fighting
 + Level 4.4 Axes
 + Level 2.4 Armour
 + Level 2.3 Dodging


You had 2 spell levels left.
You didn't know any spells.
Your spell library was empty.

Dungeon Overview and Level Annotations

Branches:
Dungeon (6/15)
 Temple: D:4-7

Altars:


Innate Abilities, Weirdness & Mutations

You have a pair of horns on your head.
You reflexively headbutt those who attack you in melee.


Message History

Things that are here:
a +0 dagger; an orc corpse
Things that are here:
a +0 club; an orc corpse
Things that are here:
a +2 falchion of electrocution; an orc corpse You open the door.
Found 2 poisoned darts.
There is an open door here.
You see here 2 poisoned darts.
s - 2 poisoned darts You open the door.
There is an open door here.
Found a robe.
As you open the door, it creaks loudly!
You hear an angry hiss.
There is an open door here.
You see here a +0 robe.
t - a +0 robe
Found 3 gold pieces.
You now have 111 gold pieces (gained 3).
An ogre comes into view. It is wielding a +0 giant club.
Found 11 gold pieces.
The ogre closely misses you.
You closely miss the ogre.
The ogre hits you with a +0 giant club!!
Ouch! That really hurt!
You hit the ogre but do no damage. You hit the ogre.
The ogre is lightly wounded.
The ogre hits you with a +0 giant club!
* * * LOW HITPOINT WARNING * * *
You hit the ogre.
You headbutt the ogre, but do no damage.
The ogre is lightly wounded.
The ogre closely misses you.
You closely miss the ogre.
The ogre is lightly wounded.
You drop a +0 robe.
The ogre hits you with a +0 giant club!!
Ouch! That really hurt!
You die...

$.. ..# #.# ... #.#.
##### #.# .#.#
#...####.####### ...
+...+...O....... ..
#...####@###
#.##..........#
#..#........#.#
#.###.#...######.# #...
#................# #..#
.#######.#############..#
.....................#..#
.#######.###########.#..#
#..# #.#..


You could see an ogre.

Vanquished Creatures
  A dart slug (D:3)
  5 orcs
  A ball python (D:1)
  4 endoplasms (D:1)
  3 goblins
  A hobgoblin (D:1)
  6 kobolds
  3 bats
  3 frilled lizards
  4 rats
31 creatures vanquished.

Notes
Turn   | Place    | Note
-------+----------+-------------------------------------------
     0 | D:1      | gamesnag the Minotaur Berserker began the quest for the
                  | Orb.
     0 | D:1      | Reached XP level 1. HP: 19/19 MP: 0/0
   256 | D:1      | Reached XP level 2. HP: 23/27 MP: 1/1
   697 | D:1      | You fall into a shaft and drop 1 floor!
  1033 | D:2      | Reached ** piety under Trog
  1088 | D:4      | Reached XP level 3. HP: 32/34 MP: 2/2
  1112 | D:5      | Entered Level 5 of the Dungeon
  1167 | D:6      | HP: 1/34 [orc/+0 short sword (3)]
  1379 | D:6      | Noticed an ogre
  1387 | D:6      | Annihilated by an ogre

Illustrated notes

Levels and vault maps discovered:
D:1:      dpeg_arrival_erosion, layout_rooms, fountainhead,
          chequers_serial_rivers_large_a
D:2:      layout_basic
D:3:      layout_rooms
D:4:      layout_basic, lemuel_round_altar, serial_shops, shop,
          minmay_misc_feat_pillars
D:5:      layout_gridville, solitary_fountain
D:6:      layout_basic, nicolae_ashenzari_panopticon

Skill      XL: |  1  2 |
---------------+-------+-----
Axes           | 4 |  4.4
Fighting       | 4 |  4.4
Armour         | |  2.4
Dodging        | |  2.3

Action                   || total
-------------------------++-------
Melee: Hand axe          ||    74
       Headbutt          ||     9
Armor: Animal skin       ||    11
Dodge: Dodged            ||    30

Table legend: (Time is in decaauts)
 A = Elapsed time spent in this place.
 B = Non-inter-level travel time spent in this place.
 C = Inter-level travel time spent in this place.
 D = Time resting spent in this place.
 E = Time spent auto-exploring this place.
 F = Levels seen in this place.
 G = Mean time per level.
                   A        B        C        D        E       F      G
               +--------+--------+--------+--------+--------+-----+--------+
         Total |   1400 |   1400 |      0 |      0 |    813 |   6 |  233.3 |
       Dungeon |   1400 |   1400 |      0 |      0 |    813 |   6 |  233.3 |
               +--------+--------+--------+--------+--------+-----+--------+

Top non-repeatable levels by time:
     D:1: 709 daAuts
     D:2: 366 daAuts
     D:6: 267 daAuts
     D:4: 29 daAuts
     D:3: 19 daAuts
     D:5: 7 daAuts
